 Dungeon Crawl Stone Soup version 0.31.0-9-g3a7656b989 (webtiles) character file.

Game seed: 4597529189444429714

63 qw the Shooter (level 3, -2/20 HPs)
             Began as a Deep Elf Hunter on Feb 2, 2024.
             Killed by divine providence
             ... invoked by an orc priest
              (11 damage)
             ... on level 3 of the Dungeon.
             The game lasted 00:00:04 (1501 turns).

qw the Shooter (Deep Elf Hunter)                    Turns: 1501, Time: 00:00:05

Health: -2/20      AC:  3    Str:  7 (10) XL:     3   Next: 87%
Magic:  5/5        EV: 12    Int: 13      God:
Gold:   187        SH:  0    Dex: 15 (18) Spells: 2/2 levels left

rFire   + . .        a - +0 shortbow (heavy)
rCold   . . .        (shield currently unavailable)
rNeg    . . .        c - +0 leather armour
rPois   .            (no helmet)
rElec   .            (no cloak)
rCorr   .            (no gloves)
SInv    .            (no boots)
Will    .....        (no amulet)
Stlth   ++           e - ring of protection from fire
HPRegen 0.23/turn    (no ring)
MPRegen 0.09/turn

%: no passive effects
@: no status effects
A: no striking features
a: no special abilities


You were on level 3 of the Dungeon.
You visited 1 branch of the dungeon, and saw 3 of its levels.

You collected 187 gold pieces.


   Skills:
 - Level 1.5 Fighting
 + Level 7.3 Ranged Weapons
 - Level 2.4 Dodging
 - Level 1.2 Stealth


You had 2 spell levels left.
You didn't know any spells.
Your spell library was empty.

Inventory:

Hand Weapons
 a - a +0 heavy shortbow (weapon)
Armour
 c - a +0 leather armour (worn)
Jewellery
 e - a ring of protection from fire (left hand)
Scrolls
 b - a scroll of amnesia {unknown}
Potions
 g - a potion of mutation {unknown}

Dungeon Overview and Level Annotations

Branches:
Dungeon (3/15)

Altars:


Message History

Done exploring.
1393 ||| READING scroll labelled UWODIH VOUGAU.
As you read the scroll labelled UWODIH VOUGAU, it crumbles to dust.
It is a scroll of identify.
1393 ||| IDENTIFYING grey potion;
d - a potion of magic Done exploring.
1394 ||| DROPPING potion of magic.
You drop a potion of magic.
Done exploring.
What level of the Dungeon? (default 2, ? - help)
There is a stone staircase leading down here.
You climb downwards.
There is a stone staircase leading up here.
Waypoint 2 assigned to D:3.
A rat comes into view.
Found 5 stones.
You shoot an arrow. The arrow hits the rat.
You kill the rat!
Found a stone staircase leading down.
b - a scroll labelled ASHUUTW OJUKO You now have 187 gold pieces (gained 4).
You see here 5 stones.
Found a stone staircase leading down.
An orc and an orc priest come into view.
Found 14 gold pieces.
The orc shouts!
You hear a shout!
An orc wizard comes into view. It is wielding a +0 dagger. x2
You shoot an arrow.
The arrow closely misses the orc wizard.
The arrow closely misses the orc priest.
The orc wizard shouts!
The orc priest shouts!
A bat comes into view.
The bat closely misses you.
The orc priest invokes the aid of Beogh against you.
Beogh smites you!
Ouch! That really hurt!
An orc comes into view. It is wielding a +0 dagger.
The orc priest calls down the wrath of Beogh upon you.
Beogh smites you!
Ouch! That really hurt!
You die... .oo

o.##
.o>#
..# ..#
#####b#
#.....#
#@# #.#
#.# #.#
#.# #.#
#.# #.#
#.#


You could see an orc priest, an orc wizard, 2 orcs and a bat.

Vanquished Creatures
  2 adders
  2 dart slugs (D:1)
  6 endoplasms
  A giant cockroach (D:1)
  A goblin (D:2)
  4 hobgoblins
  6 kobolds
  4 quokkas
  A ball python (D:1)
  4 bats
  2 frilled lizards
  7 rats
40 creatures vanquished.

Notes
Turn   | Place    | Note
-------+----------+-------------------------------------------
     0 | D:1      | qw the Deep Elf Hunter began the quest for the Orb.
     0 | D:1      | Reached XP level 1. HP: 12/12 MP: 3/3
     0 | D:1      | 0 ||| qw: Version: 0.3-a-155-g5e7d8dd
     0 | D:1      | 0 ||| qw: Game counter: 569
     0 | D:1      | 0 ||| qw: Melee chars always use a shield: true
     0 | D:1      | 0 ||| qw: God list: Okawaru
     0 | D:1      | 0 ||| qw: Allow faded altars: false
     0 | D:1      | 0 ||| qw: Do Orc after clearing Dungeon:15 true
     0 | D:1      | 0 ||| qw: Do second Lair branch before Depths: true
     0 | D:1      | 0 ||| qw: Lair rune preference: random
     0 | D:1      | 0 ||| qw: Goals: Normal
     0 | D:1      | 0 ||| PLANNING D:1-11
   136 | D:1      | Reached skill level 6 in Ranged Weapons
   136 | D:1      | Reached XP level 2. HP: 16/16 MP: 4/4
   308 | D:1      | Found a faded altar of an unknown god.
   485 | D:1      | Reached XP level 3. HP: 20/20 MP: 5/5
   730 | D:1      | 730 ||| READING scroll labelled HOODORGH DAHA.
   730 | D:1      | 730 ||| BRANDING +0 shortbow.
   731 | D:1      | 731 ||| DRINKING 2 green potions.
   732 | D:1      | 732 ||| DRINKING yellow potion.
   733 | D:1      | 733 ||| DRINKING 2 bubbling inky potions.
   739 | D:1      | 739 ||| DROPPING scroll of butterflies.
   740 | D:1      | 740 ||| DROPPING potion of ambrosia.
   741 | D:1      | 741 ||| DROPPING potion of degeneration.
   819 | D:2      | 819 ||| STAIRDANCE
   878 | D:2      | Reached skill level 7 in Ranged Weapons
  1387 | D:2      | 1387 ||| UPGRADING to ring of protection from fire.
  1388 | D:2      | 1388 ||| READING scroll labelled YTODUDDU YQAIM.
  1393 | D:2      | 1393 ||| READING scroll labelled UWODIH VOUGAU.
  1393 | D:2      | 1393 ||| IDENTIFYING grey potion
  1394 | D:2      | 1394 ||| DROPPING potion of magic.
  1501 | D:3      | Killed from afar by an orc priest

Levels and vault maps discovered:
D:1:      minmay_arrival_four_loops, layout_basic, ebering_ecumenical_altar_box,
          minmay_stone_trees_small, minmay_misc_feat_square, minmay_tromino_v4_a
D:2:      layout_loops_ring, chequers_avenue
D:3:      layout_basic, mainiacjoe_overflow_alcove_4

Skill      XL: |  1  2  3 |
---------------+----------+-----
Ranged Weapons | 6 7 |  7.3
Fighting       | |  1.5
Dodging        | |  2.4
Stealth        | |  1.2

Action                     || total
---------------------------++-------
   Fire: Shortbow          ||    87
    Use: Scroll            ||     3
         Potion            ||     3
 Armour: Leather armour    ||    12
  Dodge: Dodged            ||    15

Table legend:
 A = Non-vault XP
 B = Vault XP
 C = Vault XP percentage of total XP
 D = Non-vault monster count
 E = Vault monster count
 F = Vault count percentage of total count
                 A         B        C        D         E       F
            +---------+---------+-------+---------+---------+-------
      Total |      86 |       4 |   4.4 |      37 |       3 |   7.5
            +---------+---------+-------+---------+---------+-------
        D:1 |      55 |       4 |   6.8 |      24 |       3 |  11.1
        D:2 |      30 |       0 |   0.0 |      12 |       0 |   0.0
        D:3 |       1 |       0 |   0.0 |       1 |       0 |   0.0
            +---------+---------+-------+---------+---------+-------
